 Dungeon Crawl Stone Soup version 0.20.1-1-g8b1a95d (webtiles) character file.

3186 pool77 the Cleaver (level 9, -7/87 HPs)
             Began as a Troll Fighter on Dec 8, 2017.
             Mangled by a two-headed ogre
             ... wielding a +0 giant spiked club
              (15 damage)
             ... on level 8 of the Dungeon.
             The game lasted 00:28:22 (6337 turns).

pool77 the Cleaver (Troll Fighter)                  Turns: 6337, Time: 00:28:23

Health: -7/87      AC: 10    Str: 26    XL:     9   Next: 64%
Magic:  8/8        EV: 11    Int:  4    God:
Gold:   475        SH: 11    Dex: 15    Spells: 8/8 levels left

rFire    . . .     SeeInvis .   a - +5 war axe
rCold    . . .     Gourm    +   c - +1 shield
rNeg     . . .     Faith    .   E - +2 robe
rPois    .         Spirit   .   (helmet restricted)
rElec    .         Reflect  .   (no cloak)
rCorr    .         Harm     .   (gloves unavailable)
MR       +....                  (boots unavailable)
Stlth    ++........             v - amulet of regeneration
Regen    1.1/turn               m - ring of protection from magic
MPRegen  0.2/turn               D - +3 ring of dexterity

@: no status effects
A: unfitting armour, claws 3, thin metallic scales 2, blink, deterioration 1,
fast metabolism 3, gourmand, regeneration 1, shaggy fur 1, tough skin 2
a: Blink


You were on level 8 of the Dungeon.
You were completely stuffed.

You visited 2 branches of the dungeon, and saw 9 of its levels.

You collected 475 gold pieces.

Inventory:

Hand Weapons
 a - a +5 war axe (weapon)
 g - a +0 hunting sling
 s - a +4 long sword
 x - a +4 dire flail
 z - a +1 battleaxe
 H - a +4 spear
Missiles
 b - 6 javelins
 e - 176 stones
 o - 12 tomahawks (quivered)
 t - 26 sling bullets
Armour
 c - a +1 shield (worn)
 E - a +2 robe (worn)
Magical Staves
 K - an uncursed staff of wizardry {unknown}
Jewellery
 m - a ring of protection from magic (left claw)
 v - an amulet of regeneration (around neck)
 D - a +3 ring of dexterity (right claw)
Wands
 q - a wand of flame (10/48)
 y - a wand of confusion (35/48)
 B - a wand of enslavement (8/24)
Scrolls
 h - 8 scrolls of teleportation
 k - 3 scrolls of amnesia
 n - 7 scrolls of remove curse
 u - 2 scrolls of fog
 C - 2 scrolls of magic mapping
Potions
 d - 3 potions of might
 j - 3 potions of brilliance
 p - a potion of heal wounds
 r - 2 potions of curing
 A - a potion of agility {unknown}
 F - a potion of mutation
 G - a potion of cancellation {unknown}
 I - a potion of lignification {unknown}
 J - a potion of resistance {unknown}
Comestibles
 f - 9 bread rations
 i - 2 meat rations
 l - 6 fruits
 w - 7 royal jellies
 L - 9 chunks of flesh


   Skills:
 + Level 4.9 Fighting
 + Level 8.1 Axes
 + Level 2.2 Throwing
 + Level 4.8 Dodging
 + Level 1.0 Stealth
 + Level 5.1 Shields
 + Level 0.4 Evocations


You had 8 spell levels left.
You didn't know any spells.

Dungeon Overview and Level Annotations

Branches:
Dungeon (8/15)             Temple (1/1) D:6
   Lair: D:8-11

Altars:
Ashenzari
Cheibriados
Dithmenos
Elyvilon
Fedhas
Gozag
Hepliaklqana
Makhleb
Nemelex Xobeh
Okawaru
Qazlal
Ru
Sif Muna
Trog
Uskayaw
Vehumet
Xom
Zin

Shops:
D:5 [


Innate Abilities, Weirdness & Mutations

You are too large for most types of armour.
You have claws for hands.
Your metabolism is lightning-fast.
You like to eat raw meat.
Your natural rate of healing is unusually fast.
You are covered in fur. (AC +1)
You have very tough skin. (AC +2)
You are mostly covered in thin metallic scales. (AC +3)
You can translocate small distances at will.
Your body sometimes deteriorates upon taking damage.


Message History

Throwing (i - inventory. (,) - cycle):
o - 15 tomahawks (quivered)
Press: ? - help, Shift-Dir - straight line, f/p - two-headed ogre
Aim: a two-headed ogre, wielding a giant spiked club and a giant club (severely wounded)
You throw a tomahawk. The tomahawk hits the two-headed ogre.
The two-headed ogre is severely wounded.
Throwing (i - inventory. (,) - cycle):
o - 14 tomahawks (quivered)
Press: ? - help, Shift-Dir - straight line, f/p - two-headed ogre
Aim: a two-headed ogre, wielding a giant spiked club and a giant club (severely wounded)
You throw a tomahawk. The tomahawk hits the two-headed ogre.
The two-headed ogre is severely wounded.
Throwing (i - inventory. (,) - cycle):
o - 13 tomahawks (quivered)
Press: ? - help, Shift-Dir - straight line, f/p - two-headed ogre
Aim: a two-headed ogre, wielding a giant spiked club and a giant club (severely wounded)
You throw a tomahawk. The tomahawk hits the two-headed ogre.
The two-headed ogre is severely wounded.
You hit the two-headed ogre.
The two-headed ogre is severely wounded.
You block the two-headed ogre's attack.
The two-headed ogre hits you with a giant club!
You die...

#....# ##....# #####
###.....# #####...#
#.......# ##.....#.#
...#....# #........#
##.#....# #........#
##.########........#
#..#....##.........#
..##.<..........@..#
.........###....O..#
#.#.....#.........##
..........#.....(..#
........##......(..#
..##....##.#....(..#
####.##.>.......(.##
# #.#..#.........#
.# ..........#


You could see a two-headed ogre.

Vanquished Creatures
  The ghost of ChromeMolly the Sneak, an amateur OpMo (D:4)
  Sigmund (D:5)
  Edmund (D:5)
  2 sky beasts
  2 orc warriors (D:8)
  A black bear (D:7)
  A hornet zombie (D:6)
  A phantom (D:5)
  2 ice beasts
  An ogre (D:3)
  A big kobold (D:5)
  The ghost of lilicarose the Digger, an amateur GrEE (D:3)
  A water moccasin skeleton (D:7)
  A scorpion (D:7)
  9 wights (D:6)
  3 howler monkeys (D:7)
  4 crimson imps (D:5)
  2 centaur zombies
  4 hounds
  3 orc wizards
  4 orc priests
  6 iguanas
  2 jellies
  A centaur skeleton (D:4)
  2 worker ants
  2 hound skeletons
  7 adders
  5 oozes
  3 worms
  3 dart slugs
  6 leopard geckos
  23 orcs
  12 bats
  5 giant cockroaches
  11 goblins
  5 hobgoblins
  14 jackals
  7 kobolds
  11 quokkas
  3 ball pythons
  5 frilled lizards
  12 rats
191 creatures vanquished.

Notes
Turn   | Place    | Note
-------+----------+-------------------------------------------
     0 | D:1      | pool77 the Troll Fighter began the quest for the Orb.
     0 | D:1      | Reached XP level 1. HP: 22/22 MP: 0/0
    86 | D:1      | Reached XP level 2. HP: 27/29 MP: 1/1
   442 | D:1      | Reached skill level 2 in Axes
   498 | D:1      | Reached XP level 3. HP: 33/36 MP: 2/2
   877 | D:2      | Gained mutation: You are somewhat resistant to further mutation. [potion of mutation]
   877 | D:2      | Gained mutation: Your spells are a little harder to cast, but a little more powerful. [potion of mutation]
  1579 | D:2      | Reached XP level 4. HP: 43/44 MP: 3/3
  1879 | D:3      | Noticed lilicarose's ghost (amateur GrEE)
  1889 | D:3      | Killed lilicarose's ghost
  1889 | D:3      | Reached skill level 3 in Axes
  1889 | D:3      | Reached XP level 5. HP: 46/52 MP: 4/4
  2335 | D:3      | Noticed an ogre
  2344 | D:3      | Killed an ogre
  2344 | D:3      | Reached skill level 1 in Throwing
  2344 | D:3      | Reached XP level 6. HP: 11/61 MP: 5/5
  2740 | D:4      | Found a blossoming altar of Fedhas.
  2740 | D:4      | Found a stormy altar of Qazlal.
  2800 | D:4      | Found an iron altar of Okawaru.
  2880 | D:4      | Reached skill level 4 in Axes
  2891 | D:4      | Found a hide-covered altar of Uskayaw.
  2971 | D:4      | Noticed ChromeMolly's ghost (amateur OpMo)
  3094 | D:4      | Killed ChromeMolly's ghost
  3094 | D:4      | Reached XP level 7. HP: 67/67 MP: 6/6
  3857 | D:5      | Entered Level 5 of the Dungeon
  3865 | D:5      | Found Laoron's Armour Emporium.
  3950 | D:5      | Noticed Edmund
  3959 | D:5      | Killed Edmund
  4015 | D:5      | Reached skill level 5 in Axes
  4231 | D:5      | Found a shimmering altar of Xom.
  4232 | D:5      | Found a burning altar of Makhleb.
  4244 | D:5      | Reached XP level 8. HP: 75/75 MP: 7/7
  4308 | D:5      | Lost mutation: You are somewhat resistant to further mutation. [potion of mutation]
  4308 | D:5      | Lost mutation: Your spells are a little harder to cast, but a little more powerful. [potion of mutation]
  4308 | D:5      | Gained mutation: You are partially covered in thin metallic scales. (AC +2) [potion of mutation]
  4308 | D:5      | Gained mutation: You can translocate small distances at will. [potion of mutation]
  4308 | D:5      | Gained mutation: Your body sometimes deteriorates upon taking damage. [potion of mutation]
  4308 | D:5      | Gained mutation: You are mostly covered in thin metallic scales. (AC +3) [potion of mutation]
  4463 | D:5      | Noticed Sigmund
  4474 | D:5      | Killed Sigmund
  4492 | D:5      | Reached skill level 6 in Axes
  4758 | D:6      | Reached skill level 1 in Stealth
  5156 | D:6      | Reached XP level 9. HP: 72/84 MP: 8/8
  5211 | D:6      | Reached skill level 7 in Axes
  5264 | D:6      | Found a staircase to the Ecumenical Temple.
  5277 | Temple   | Entered the Ecumenical Temple
  5506 | D:7      | Found a sparkling altar of Nemelex Xobeh.
  5624 | D:7      | Found a sparkling altar of Nemelex Xobeh.
  5676 | D:7      | Found a shadowy altar of Dithmenos.
  5722 | D:7      | Reached skill level 5 in Shields
  6228 | D:8      | Reached skill level 8 in Axes
  6320 | D:8      | Noticed a two-headed ogre
  6337 | D:8      | Mangled by a two-headed ogre

Skill      XL: |  1  2  3  4  5  6  7  8  9 |
---------------+----------------------------+-----
Axes           | 2 3 4 5 6 8 |  8.1
Shields        | 3 4 5 |  5.1
Dodging        | 3 4 |  4.8
Fighting       | 3 4 |  4.9
Throwing       | 1 2 |  2.2
Stealth        | 1 |  1.0
Evocations     | |  0.4

Action                   |  1- 3 |  4- 6 |  7- 9 || total
-------------------------+-------+-------+-------++-------
Melee: War axe           |   133 |   136 |   271 ||   540
Throw: Tomahawk          |     7 |    15 |    24 ||    46
 Abil: Blink             |       |       |     1 ||     1
Evoke: Wand              |       |       |     3 ||     3
  Use: Potion            |     3 |     3 |     1 ||     7
       Scroll            |     2 |    13 |     4 ||    19
 Stab: Sleeping          |       |       |     1 ||     1
  Eat: Chunk             |    21 |    12 |    33 ||    66
Armor: Robe              |    76 |    54 |    77 ||   207
Dodge: Dodged            |    60 |    62 |    86 ||   208
Block: Shield            |    90 |    64 |   171 ||   325
